 Dungeon Crawl Stone Soup version 0.29.1-12-g30fa7ad0bf (webtiles) character file.

Game seed: 14036798052412144361

13469 jombi the Martial Artist (level 11, -11/86 HPs)
             Began as a Demonspawn Transmuter on Jan 14, 2023.
             Was an Initiate of Gozag.
             Mangled by a tentacled starspawn (14 damage)
             ... on level 2 of the Abyss on Jan 15, 2023.
             The game lasted 00:48:45 (12288 turns).

jombi the Martial Artist (Demonspawn Transmuter)   Turns: 12288, Time: 00:48:46

Health: -11/86     AC:  7    Str: 11    XL:     11   Next: 76%
Magic:  14/14      EV: 15    Int: 25    God:    Gozag
Gold:   1263       SH:  0    Dex: 13    Spells: 5/15 levels left

rFire   + . .      SeeInvis .     - Unarmed
rCold   . . .      Faith    .   (no shield)
rNeg    . . .      Spirit   .   M - +2 robe {Will+}
rPois   .          Reflect  .   y - +0 helmet
rElec   .          Harm     .   (no cloak)
rCorr   .          Rampage  .   m - +1 pair of gloves
Will    +....                   (no boots)
Stlth   +.........              d - amulet of regeneration
HPRegen 0.00/turn               F - ring of protection from fire
MPRegen 0.14/turn               t - +6 ring of intelligence

@: gold aura, sick
A: demonic guardian 1, powered by pain 1, sturdy frame 1, weakness stinger 2
a: Renounce Religion, Potion Petition, Call Merchant, Bribe Branch


You were on level 2 of the Abyss.
You worshipped Gozag.
Gozag was most pleased with you.
You visited 1 branch of the dungeon, and saw 10 of its levels.
You visited the Abyss 1 time.
You also visited: Bailey.

You collected 2586 gold pieces.
You spent 1266 gold pieces at shops.
You paid 57 gold pieces to Gozag.

Inventory:

Missiles
 u - 16 poisoned darts (quivered)
 x - 8 throwing nets
Armour
 a - a +0 robe
 l - a +0 leather armour
 m - a +1 pair of gloves (worn)
 r - a +0 kite shield
 y - a +0 helmet (worn)
 M - a +2 robe of willpower (worn)
Jewellery
 d - an amulet of regeneration (around neck)
 o - a ring of flight
 t - a +6 ring of intelligence (right hand)
 F - a ring of protection from fire (left hand)
Wands
 g - a wand of digging (5)
 q - a wand of paralysis (14)
 E - a wand of acid (4)
 N - a wand of flame (11)
Scrolls
 c - 3 scrolls of identify
 e - 3 scrolls of teleportation
 f - a scroll of magic mapping
 h - 6 scrolls of vulnerability
 i - 3 scrolls of fog
 j - 2 scrolls of amnesia
 k - 2 scrolls of immolation
 z - 2 scrolls of fear
 B - 2 scrolls of silence
 H - 2 scrolls of blinking
 I - a scroll of poison
Potions
 b - 5 potions of lignification
 n - a potion of berserk rage
 p - a potion of attraction
 v - 3 potions of heal wounds
 w - a potion of magic
 A - a potion of cancellation
 C - a potion of resistance
 D - 4 potions of haste
 G - 4 potions of curing
 J - 2 potions of ambrosia
 L - a potion of might
 P - a potion of mutation
Miscellaneous
 s - a piece from Xom's chessboard (13/15)
 K - a condenser vane
 O - a phantom mirror


   Skills:
 + Level 8.1 Fighting
 + Level 7.6 Dodging
 * Level 10.9 Unarmed Combat
 + Level 2.6 Spellcasting
 + Level 7.5 Transmutations
 - Level 5.8 Ice Magic


You had 5 spell levels left.
You knew the following spells:

 Your Spells              Type           Power      Damage    Failure   Level
a - Wereblood             Tmut           40%        N/A       1%          2
b - Beastly Appendage     Tmut           80%        N/A       1%          1
c - Spider Form           Tmut/Pois      22%        N/A       7%          3
d - Ice Form              Ice/Tmut       36%        N/A       7%          4

Your spell library contained the following spells:

 Spells                   Type           Power      Damage    Failure   Level
 Sting                    Tmut/Pois      88%        1d7       2%          1
 Passwall                 Tmut/Erth      18%        N/A       3%          2
 Sandblast                Erth           6%         2d5       11%         1
 Shock                    Conj/Air       12%        1d3       11%         1
 Blade Hands              Tmut           20%        N/A       14%         5
 Poisonous Vapours        Pois/Air       6%         N/A       16%         2
 Call Canine Familiar     Summ           3%         N/A       32%         3
 Portal Projectile        Hex/Tloc       6%         N/A       32%         3
 Stone Arrow              Conj/Erth      6%         3d7       32%         3
 Swiftness                Air            3%         N/A       32%         3
 Irradiate                Conj/Tmut      11%        3d15      54%         5
 Airstrike                Air            1%         2d(1-17)  71%         4
 Leda's Liquefaction      Hex/Erth       1%         N/A       71%         4
 Olgreb's Toxic Radiance  Pois           3%         N/A       71%         4
 Fireball                 Conj/Fire      1%         3d3       96%         5
 Iskenderun's Battlesphe  Conj           3%         2d6       96%         5
 Dragon Form              Tmut           20%        N/A       99%         7
 Conjure Ball Lightning   Conj/Air       1%         3x3d6     100%        6
 Orb of Destruction       Conj           1%         9d5       100%        7
 Chain Lightning          Conj/Air       1%         3d2       100%        9
 Fire Storm               Conj/Fire      1%         8d1       100%        9
 Shatter                  Erth           1%         3d6*      100%        9


Dungeon Overview and Level Annotations

Branches:
Dungeon (10/15)            Temple (0/1) D:5            Lair (0/5) D:10
 Bailey (visited)
    Orc: D:9-12

Altars:
Ashenzari
Cheibriados
Gozag
Makhleb
Nemelex Xobeh
Okawaru
Qazlal
Ru
Trog
Vehumet
Wu Jian

Shops:
D:3 !   D:6 *   D:7 !?*((

Portals:
Trove: D:10 (give 6 scrolls of blinking)

Annotations:
D:9 2 transporters
D:10 Sonja


Innate Abilities, Weirdness & Mutations

A weak demonic guardian rushes to your aid.
You sometimes gain a little power by taking damage.
Your movements are slightly less encumbered by armour. (ER -2)
You have a tail ending in a sharp stinger.


Message History

The ufetubus closely misses you.
The ufetubus hits you but does no damage.
The large abomination attacks as you move away!
The large abomination hits you.
Unknown command.
The ufetubus attacks as you move away!
The ufetubus hits you but does no damage.
The ufetubus hits you.
The ufetubus hits you but does no damage. x3
The ufetubus closely misses you. The ufetubus misses you.
The ufetubus barely misses you.
Unknown command.
The ufetubus hits you but does no damage.
The ufetubus closely misses you. The large abomination hits you.
* * * LOW HITPOINT WARNING * * *
Unknown command.
The ufetubus attacks as you move away! The ufetubus closely misses you.
The ufetubus hits you but does no damage.
The ufetubus attacks as you move away! The ufetubus barely misses you. x2
You are suddenly pulled into a different region of the Abyss!
The ufetubus disappears in a puff of smoke! x4
An iron imp comes into view.
The iron imp shouts!
You feel better.
You punch the iron imp!
The iron imp is heavily wounded.
The iron imp hits you.
You punch the iron imp!
You kill the iron imp!
A tentacled starspawn comes into view. x2
A tentacle flies out from the starspawn's body!
A starspawn tentacle comes into view.
You see here 7 gold pieces.
You now have 1263 gold pieces (gained 7).
The tentacled starspawn attacks as you move away!
The tentacled starspawn bites you!!
* * * LOW HITPOINT WARNING * * *
The tentacled starspawn tentacle-slaps you!
You die...
Your body crumbles into a pile of gold.

### ... #.#
#.. #.### .
#...# . .
###@.# .. .
#.X#.#. .. .
#....# #
#..######..
#..#.##.....#
.X####
#..##....# .w
... #. . .
##### # . ..
.. . .


You could see 2 tentacled starspawn and a starspawn tentacle (distracted).

Vanquished Creatures
  2 two-headed ogres
  Lodul (D:10)
  Pikel (D:8)
  2 oklob plants (D:10)
  2 unseen horrors (D:10)
  A komodo dragon (D:9)
  A kobold demonologist (D:9)
  3 trolls
  2 wraiths
  10 yaks
  Eustachio (D:6)
  3 wyverns
  4 steam dragons
  An acid dragon (D:10)
  4 water moccasins
  An ice beast (D:7)
  3 orc warriors
  2 black bears
  A sky beast (D:8)
  7 ogres
  6 centaurs
  6 wolves (Bailey)
  5 kobold brigands
  4 bullfrogs
  Blork the orc (D:5)
  7 gnoll sergeants (Bailey)
  A necrophage (D:6)
  A wight (D:9)
  14 killer bees
  3 howler monkeys
  2 jellies
  3 orc priests
  7 hounds
  6 gnoll boudas
  An iron imp (Abyss:2)
  An orc wizard (D:6)
  24 gnolls
  11 adders
  2 shadow imps
  A white imp (D:6)
  3 worms
  A dart slug (D:1)
  20 orcs
  2 ball pythons (D:4)
  9 endoplasms
  2 giant cockroaches
  8 goblins
  6 hobgoblins
  2 jackals (D:1)
  4 quokkas
  5 bats
  2 frilled lizards (D:2)
  22 kobolds
  4 rats
248 creatures vanquished.

Vanquished Creatures (collateral kills)
  Grinder (D:4)
  An orc warrior (D:9)
  A black bear (D:4)
  A scorpion (D:6)
  A killer bee (D:9)
  A jelly (D:8)
  An iguana (D:4)
  An orc wizard (D:4)
  A gnoll (D:6)
  A worm (D:4)
  2 orcs
  A quokka (D:4)
  2 kobolds
15 creatures vanquished.

Vanquished Creatures (others)
  A killer bee (D:9)
  3 kobolds (D:8)
  5 plants
  A starspawn tentacle (Abyss:2)
10 creatures vanquished.

Grand Total: 273 creatures vanquished

Notes
Turn   | Place    | Note
-------+----------+-------------------------------------------
     0 | D:1      | jombi the Demonspawn Transmuter began the quest for the
                  | Orb.
     0 | D:1      | Reached XP level 1. HP: 15/15 MP: 3/3
    61 | D:1      | Found a faded altar of an unknown god.
   367 | D:1      | Gained mutation: A weak demonic guardian rushes to your
                  | aid. [demonic ancestry]
   367 | D:1      | Reached XP level 2. HP: 21/21 MP: 3/5
   370 | D:1      | Learned a level 2 spell: Wereblood
   563 | D:1      | Reached skill level 3 in Unarmed Combat
  1064 | D:2      | Gained mutation: You sometimes gain a little power by
                  | taking damage. [demonic ancestry]
  1064 | D:2      | Reached XP level 3. HP: 26/26 MP: 4/6
  1069 | D:2      | Learned a level 3 spell: Spider Form
  1665 | D:2      | Gained mutation: Your movements are slightly less
                  | encumbered by armour. (ER -2) [demonic ancestry]
  1665 | D:2      | Reached XP level 4. HP: 24/33 MP: 4/7
  2286 | D:3      | Found Dyabu's Distillery.
  2292 | D:3      | Bought a potion of curing for 33 gold pieces
  2292 | D:3      | Bought a potion of degeneration for 11 gold pieces
  2362 | D:3      | Found a burning altar of Makhleb.
  2450 | D:3      | Found a radiant altar of Vehumet.
  2793 | D:3      | Gained mutation: You have a small tail. [demonic ancestry]
  2793 | D:3      | Reached XP level 5. HP: 38/38 MP: 4/8
  3590 | D:4      | Reached skill level 4 in Unarmed Combat
  3592 | D:4      | HP: 1/39 [something (2)]
  3887 | D:4      | Noticed Grinder
  3889 | D:4      | Paralysed by Grinder for 2 turns
  3895 | D:4      | Paralysed by Grinder for 5 turns
  3902 | D:4      | Killed Grinder
  3903 | D:4      | Reached XP level 6. HP: 5/47 MP: 3/9
  4425 | D:4      | Found an opulent altar of Gozag.
  4431 | D:4      | Became a worshipper of Gozag Ym Sagoz the Greedy
  4688 | D:5      | Entered Level 5 of the Dungeon
  4707 | D:4      | Reached skill level 5 in Unarmed Combat
  5001 | D:5      | Reached XP level 7. HP: 52/52 MP: 6/10
  5111 | D:5      | Found a sparkling altar of Nemelex Xobeh.
  5299 | D:5      | Noticed Blork the orc
  5305 | D:5      | Killed Blork the orc
  5806 | D:5      | Found a staircase to the Ecumenical Temple.
  6794 | D:6      | Reached XP level 8. HP: 56/60 MP: 7/11
  6860 | D:6      | Learned a level 4 spell: Ice Form
  6888 | D:6      | Noticed Eustachio
  6907 | D:6      | Killed Eustachio
  6908 | D:6      | Reached skill level 6 in Unarmed Combat
  6968 | D:6      | Found Marhif's Assorted Antiques.
  7009 | D:6      | Bought a puce potion for 23 gold pieces
  7009 | D:6      | Bought a grey potion for 23 gold pieces
  7009 | D:6      | Bought an ivory wand for 104 gold pieces
  7009 | D:6      | Bought a blackened diamond ring for 130 gold pieces
  7009 | D:6      | Bought a scroll labelled OSARCH QUFRE for 26 gold pieces
  7047 | D:6      | Reached skill level 1 in Ice Magic
  7071 | D:6      | Found a stormy altar of Qazlal.
  7783 | D:7      | Reached skill level 5 in Fighting
  7875 | D:7      | Reached skill level 7 in Unarmed Combat
  7884 | D:7      | Reached XP level 9. HP: 68/68 MP: 6/12
  7890 | D:7      | Reached skill level 5 in Dodging
  7927 | D:7      | Found Loresy's Antique Weapon Emporium.
  7946 | D:7      | Found Zugueff's Weapon Shoppe.
  7971 | D:7      | Found Josm's Assorted Antiques.
  7979 | D:7      | Bought 2 ruby potions for 43 gold pieces
  7979 | D:7      | Bought a scroll labelled OSARCH QUFRE for 24 gold pieces
  7979 | D:7      | Bought a ruby potion for 21 gold pieces
  8011 | D:7      | Found a sacrificial altar of Ru.
  8086 | D:7      | Reached skill level 5 in Transmutations
  8110 | D:7      | Found Laqamnue's Magic Scroll Emporium.
  8171 | D:7      | Bought a scroll of identify for 26 gold pieces
  8171 | D:7      | Bought 2 scrolls of identify for 52 gold pieces
  8171 | D:7      | Bought a scroll of blinking for 97 gold pieces
  8171 | D:7      | Bought a scroll of poison for 52 gold pieces
  8219 | D:7      | Found a broken altar of Ashenzari.
  8505 | D:7      | Found Xodis's Distillery.
  8526 | D:7      | Bought a potion of heal wounds for 60 gold pieces
  8526 | D:7      | Bought a potion of might for 48 gold pieces
  8562 | D:8      | Noticed a two-headed ogre
  8562 | D:8      | Found an iron altar of Okawaru.
  8812 | D:8      | Killed a two-headed ogre
  8813 | D:8      | Reached skill level 8 in Unarmed Combat
  8949 | D:8      | Noticed Pikel
  8959 | D:8      | Killed Pikel
  8960 | D:8      | Reached XP level 10. HP: 62/76 MP: 13/13
  9308 | D:8      | Found a snail-covered altar of Cheibriados.
  9386 | D:7      | Bought a scroll of blinking for 97 gold pieces
  9481 | D:7      | Bought a potion of ambrosia for 96 gold pieces
  9481 | D:7      | Bought a potion of attraction for 36 gold pieces
  9543 | D:9      | HP: 2/92 [killer bee (8)]
  9703 | D:7      | Bought a potion of curing for 36 gold pieces
  9703 | D:7      | Bought a potion of curing for 36 gold pieces
  9703 | D:7      | Bought a potion of heal wounds for 60 gold pieces
  9753 | D:9      | Found an ornate altar of the Wu Jian Council.
  9781 | D:9      | Found a transporter.
  9795 | D:9      | Reached skill level 9 in Unarmed Combat
 10069 | D:9      | Found a transporter.
 10208 | D:9      | Noticed a two-headed ogre
 10235 | D:9      | Killed a two-headed ogre
 10243 | D:8      | Reached skill level 5 in Ice Magic
 10387 | D:8      | Gained mutation: You have a tail ending in a sharp stinger.
                  | [demonic ancestry]
 10387 | D:8      | Reached XP level 11. HP: 71/84 MP: 9/14
 10475 | D:9      | Identified the +7 trident of Pestilence {spect, rF+ rCorr
                  | Int+4}
 10662 | D:7      | Bought a potion of curing for 36 gold pieces
 10662 | D:7      | Bought a potion of mutation for 96 gold pieces
 10734 | D:10     | Entered Level 10 of the Dungeon
 10751 | D:10     | Found a portal to a secret trove of treasure.
 10795 | D:10     | Reached skill level 10 in Unarmed Combat
 10829 | D:10     | Noticed Lodul
 10926 | D:10     | Killed Lodul
 10969 | D:10     | Found a flagged portal.
 11015 | Bailey   | Entered a bailey
 11555 | Bailey   | Identified the +0 leather armour of Brilliance {rPois rC-
                  | Int+4}
 11659 | D:10     | Noticed an oklob plant
 11664 | D:10     | Found a staircase to the Lair.
 11666 | D:10     | Noticed an oklob plant
 11679 | D:10     | Killed an oklob plant
 11812 | D:10     | Killed an oklob plant
 11905 | D:10     | Found a bloodstained altar of Trog.
 12044 | D:10     | Found the +18 Lear's hauberk
 12125 | D:10     | Noticed Sonja
 12137 | Abyss:2  | Cast into level 2 of the Abyss (Sonja)
 12151 | Abyss:2  | Noticed a deep elf demonologist
 12174 | Abyss:2  | Found a viscous altar of Jiyva.
 12177 | Abyss:2  | Found a viscous altar of Jiyva.
 12177 | Abyss:2  | Found a viscous altar of Jiyva.
 12285 | Abyss:2  | Noticed a tentacled starspawn
 12285 | Abyss:2  | Noticed a tentacled starspawn
 12288 | Abyss:2  | HP: 3/86 [tentacled starspawn (27)]
 12288 | Abyss:2  | Mangled by a tentacled starspawn

Illustrated notes

Levels and vault maps discovered:
D:1:      arrival_zaba_pyramid, layout_loops_ring, basic_ecumenical_altar,
          nicolae_concentric_dashed_squares_mild
D:2:      layout_basic
D:3:      layout_basic, mainiacjoe_overflow_tiny_flanked,
          mainiacjoe_overflow_boulevard, serial_shops, shop, serial_park_tiny_1,
          serial_park_tiny_2
D:4:      layout_rooms, nicolae_gozag_cash_rules_everything_around_me,
          uniq_grinder
D:5:      layout_loops_ring, lemuel_crystal_altar, temple_doors_e,
          uniq_blork_the_orc
D:6:      layout_loops_ring, old_standard_altar, serial_shops,
          nicolae_square_shop, serial_bayou_crossing, uniq_eustachio
D:7:      layout_gridville, hangedman_ru_absence, nicolae_ashenzari_skybound,
          serial_shops, nicolae_shop_statue_plus, nicolae_shop_hallway_stairs,
          nicolae_shop_stone, shop, shop
D:8:      layout_rooms, slow_altar_2, overflow_temple_1_default, uniq_pikel
D:9:      gammafunk_cloud_chamber, layout_cave_pools,
          nicolae_wu_jian_wuxing_cycle, kennysheep_kite_vault
D:10:     layout_rooms, trog_three_pillars_becter, lemuel_tele_altar,
          dpeg_oklobed_lair, enter_bailey_3, nicolae_trove_entry_crossroad,
          uniq_lodul, uniq_sonja
Abyss:2:  base: D:8, evilmike_abyss_exit_3, hangedman_decor_riveting,
          bh_silent_lugonu_exit, evilmike_abyss_exit_kraken

Skill      XL: |  1  2  3  4  5  6  7  8  9 10 11 |
---------------+----------------------------------+-----
Transmutations | 2 3 4 5 6 7 |  7.5
Dodging        | 2 3 4 5 6 7 |  7.6
Unarmed Combat | 3 4 5 7 8 9 10 | 10.9
Fighting       | 2 3 4 5 6 7 8 |  8.1
Ice Magic      | 2 3 5 |  5.8
Spellcasting   | |  2.6

Action                   |  1- 3 |  4- 6 |  7- 9 | 10-12 || total
-------------------------+-------+-------+-------+-------++-------
Melee: Unarmed           |    73 |   125 |   289 |   403 ||   890
       Kick              |    12 |    25 |    26 |       ||    63
       Headbutt          |    12 |    11 |    13 |       ||    36
       Punch             |       |     2 |     3 |       ||     5
       Tailslap          |       |     6 |    17 |     1 ||    24
Throw: Dart              |       |       |       |    10 ||    10
       Throwing net      |       |       |       |     1 ||     1
 Cast: Beastly Appendage |    17 |    21 |    13 |       ||    51
       Wereblood         |     8 |    20 |    22 |    14 ||    64
       Spider Form       |       |     2 |    14 |    34 ||    50
       Ice Form          |       |       |     4 |     6 ||    10
Evoke: Wand              |       |     2 |       |     8 ||    10
       Piece from Xom's  |       |       |       |     3 ||     3
  Use: Potion            |       |     4 |     2 |     7 ||    13
       Scroll            |       |       |    11 |     9 ||    20
 Stab: Sleeping          |       |     1 |     1 |       ||     2
       Distracted        |       |       |     2 |     2 ||     4
       Paralysed         |       |       |       |     2 ||     2
Armor: Robe              |     8 |       |       |    27 ||    35
       Leather armour    |       |    38 |    16 |       ||    54
       Skin              |       |       |    29 |    45 ||    74
Dodge: Dodged            |    34 |    89 |   203 |   690 ||  1016
